 Dungeon Crawl Stone Soup version 0.30.1 (webtiles) character file.

Game seed: 2455400644251037746

29 Sabo the Trooper (level 3, 29/29 HPs)
             Began as a Demonspawn Berserker on July 9, 2023.
             Was a Follower of Trog.
             Got out of the dungeon alive.
             The game lasted 00:04:07 (1129 turns).

Sabo the Trooper (Demonspawn Berserker)             Turns: 1129, Time: 00:04:07

Health: 29/29      AC:  3    Str: 19    XL:     3   Next: 1%
Magic:  3/3        EV: 12    Int:  8    God:    Trog [*.....]
Gold:   20         SH:  0    Dex: 12    Spells: 2/2 levels left

rFire   . . .        a - +0 hand axe
rCold   . . .        (no shield)
rNeg    . . .        h - +0 leather armour
rPois   .            (no helmet)
rElec   .            (no cloak)
rCorr   .            (no gloves)
SInv    .            (no boots)
Will    .....        (no amulet)
Stlth   +            (no ring)
HPRegen 0.24/turn    (no ring)
MPRegen 0.08/turn

%: no passive effects
@: no status effects
A: demonic magic 1, weakness stinger 1
a: Renounce Religion, Berserk


You escaped.
You worshipped Trog.
Trog was aware of your devotion.
You visited 1 branch of the dungeon, and saw 1 of its levels.

You collected 20 gold pieces.

Inventory:

Hand Weapons
 a - a +0 hand axe (weapon)
Armour
 e - a +0 pair of boots
 h - a +0 leather armour (worn)
Scrolls
 f - a scroll of acquirement {unknown}
 j - a scroll of identify {unknown}
Potions
 b - a potion of heal wounds {unknown}
 c - a potion of lignification {unknown}
 d - a potion of invisibility {unknown}
 g - a potion of flight {unknown}
 i - a potion of cancellation {unknown}


   Skills:
 + Level 3.4 Fighting
 + Level 3.2 Axes
 + Level 1.9 Armour
 + Level 1.9 Dodging


You had 2 spell levels left.
You didn't know any spells.
Your spell library was empty.

Dungeon Overview and Level Annotations

Branches:
Dungeon (1/15)

Altars:


Innate Abilities, Weirdness & Mutations

Spells you cast may paralyse adjacent enemies.
You have a small tail.


Message History

The endoplasm hits you.
You hit the endoplasm.
You kill the endoplasm!
Trog accepts your kill.
Found a stone staircase leading down.
Found a dagger and a scroll labelled JELOYN HEIR.
j - a scroll labelled JELOYN HEIR You open the door.
There is an open door here.
You open the door.
There is an open door here.
Found 9 gold pieces.
You now have 20 gold pieces (gained 9).
A goblin comes into view. It is wielding a +0 dagger.
The goblin closely misses you. The goblin misses you.
The goblin barely misses you. The goblin hits you with a +0 dagger.
You barely miss the goblin. The goblin completely misses you.
You barely miss the goblin. The goblin hits you but does no damage.
You hit the goblin but do no damage. The goblin closely misses you.
You barely miss the goblin. The goblin hits you with a +0 dagger.
You closely miss the goblin. The goblin hits you but does no damage.
You closely miss the goblin.
Your tail-slap misses the goblin.
The goblin hits you with a +0 dagger.
You slash the goblin!
You kill the goblin!
Trog accepts your kill.
You have reached level 3!
Your experience leads to an increase in your attributes!
Increase (S)trength, (I)ntelligence, or (D)exterity?
You feel stronger. x2; Your demonic ancestry asserts itself...
A menacing aura infuses your magic.
You start resting.
HP restored.
You see here a +0 dagger.
Found a leather armour.
There is a staircase leading out of the dungeon here.
Are you sure you want to leave the Dungeon?
This will make you lose the game!
You have escaped!

##.....................(.........
##.......#.#.######..............
##.......#.#.#######...#....#....
##...........#.....#####.........
##......##.#.#..⌠.....##....#....
##..>...##.###.........#....#..#.
............#......#........#..#.
...................###...........
##.#..####...#..@..# ##....###...
##.#..# #.........###.......#...
##.#..####..#......#.........'...
...........###.........##....#...
#.....###..# #..⌠.....###..###...
#.....###..###.....####.#..# #...
...#........########.##.#..###...
.................................
#######..........................


There were no monsters in sight!

Vanquished Creatures
  A gnoll (D:1)
  2 dart slugs (D:1)
  2 endoplasms (D:1)
  A goblin (D:1)
  2 hobgoblins (D:1)
  2 quokkas (D:1)
  3 bats (D:1)
  2 rats (D:1)
15 creatures vanquished.

Notes
Turn   | Place    | Note
-------+----------+-------------------------------------------
     0 | D:1      | Sabo the Demonspawn Berserker began the quest for the Orb.
     0 | D:1      | Reached XP level 1. HP: 18/18 MP: 1/1
    42 | D:1      | HP: 1/27 [gnoll/+0 spear (5)]
    46 | D:1      | Discovered your monstrous ancestry.
    46 | D:1      | Gained mutation: You have a small tail. [demonic ancestry]
    46 | D:1      | Reached XP level 2. HP: 3/24 MP: 2/2
  1056 | D:1      | Gained mutation: Spells you cast may paralyse adjacent
                  | enemies. [demonic ancestry]
  1056 | D:1      | Reached XP level 3. HP: 25/29 MP: 3/3
  1129 | D:$      | Got out of the dungeon alive.

Illustrated notes

Levels and vault maps discovered:
D:1:      dpeg_arrival_arbitrary_c, layout_basic, kennysheep_nondescript

Skill      XL: |  1 |
---------------+----+-----
Axes           | 3 |  3.2
Fighting       | |  3.4
Armour         | |  1.9
Dodging        | |  1.9

Action                     || total
---------------------------++-------
  Melee: Hand axe          ||    46
         Tailslap          ||     4
 Invoke: Berserk           ||     1
 Armour: Animal skin       ||     7
         Leather armour    ||     6
  Dodge: Dodged            ||    31
